 Seeded DCSS version 0.28-a0-1415-g7c84da036a (webtiles) character file.

Game seed: 666666 (custom seed)

351 lonewolfV2 the Covered (level 6, -3/53 HPs)
             Began as a Minotaur Fighter on Jan 7, 2022.
             Slain by an orc warrior (16 damage)
             ... on level 5 of the Dungeon.
             The game lasted 00:05:13 (3908 turns).

lonewolfV2 the Covered (Minotaur Fighter)           Turns: 3908, Time: 00:05:13

Health: -3/53      AC:  7    Str: 22    XL:     6   Next: 34%
Magic:  0/5        EV: 10    Int:  5    God:
Gold:   204        SH:  5    Dex: 10    Spells: 5/5 levels left

rFire   . . .      SeeInvis .   p - +2 hand axe (vorpal)
rCold   . . .      Faith    .   c - +1 buckler
rNeg    . . .      Spirit   +   b - +0 scale mail
rPois   .          Reflect  .   (helmet restricted)
rElec   .          Harm     .   (no cloak)
rCorr   .          Rampage  .   (no gloves)
Will    .....                   (no boots)
Stlth   ..........              q - amulet of guardian spirit
HPRegen 0.17/turn               l - +4 ring of slaying
MPRegen 0.09/turn               (no ring)

@: weak-willed, invisible
A: horns 2, retaliatory headbutt
a: no special abilities


You were on level 5 of the Dungeon.
You visited 1 branch of the dungeon, and saw 5 of its levels.

You collected 204 gold pieces.

Inventory:

Hand Weapons
 a - a +0 war axe
 p - a +2 vorpal hand axe (weapon)
Missiles
 i - a throwing net (quivered)
Armour
 b - a +0 scale mail (worn)
 c - a +1 buckler (worn)
Jewellery
 j - an amulet of the acrobat
 l - a +4 ring of slaying (left hand)
 q - an amulet of guardian spirit (around neck)
Wands
 n - a wand of iceblast (6)
Scrolls
 h - 2 scrolls of blinking
 k - a scroll of teleportation
 r - a scroll of fear
Potions
 d - a potion of might
 f - a potion of cancellation {unknown}
 g - 3 potions of curing
 s - a potion of flight {unknown}


   Skills:
 + Level 4.7 Fighting
 + Level 5.0 Axes
 + Level 5.3 Armour
 + Level 2.5 Dodging
 + Level 0.2 Stealth
 + Level 4.3 Shields


You had 5 spell levels left.
You didn't know any spells.
Your spell library contained the following spells:

 Spells                   Type           Power      Damage    Failure   Level
 Summon Small Mammal      Summ           0%         N/A       86%         1
 Passwall                 Tmut/Erth      0%         N/A       95%         2
 Call Canine Familiar     Summ           0%         N/A       99%         3
 Summon Guardian Golem    Hex/Summ       0%         N/A       99%         3
 Swiftness                Air            0%         N/A       99%         3


Dungeon Overview and Level Annotations

Branches:
Dungeon (5/15)             Temple (0/1) D:4

Altars:
Sif Muna
Vehumet

Shops:
D:3 [


Innate Abilities, Weirdness & Mutations

You have a pair of horns on your head.
You reflexively headbutt those who attack you in melee.


Message History

The orc warrior shouts!
You block the ufetubus's attack. The ufetubus hits you.
A centaur skeleton comes into view.
You closely miss the ufetubus. The ufetubus closely misses you. x2
The ufetubus misses you. You furiously retaliate!
You headbutt the ufetubus!
You kill the ufetubus!
Your Axes skill increases to level 5!
A hound zombie comes into view.
An iguana comes into view.
The iguana hisses angrily.
You block the iguana's attack.
You hit the orc warrior but do no damage.
You closely miss the iguana.
The orc warrior hits you with a +0 war axe!
The iguana bites you! The centaur skeleton misses you.
The centaur skeleton kicks you but does no damage.
You hit the orc warrior. You headbutt the orc warrior.
The orc warrior is lightly wounded.
You hit the iguana. You hit the centaur skeleton.
The orc warrior hits you with a +0 war axe.
The iguana bites you but does no damage.
The centaur skeleton hits you.
The centaur skeleton kicks you but does no damage.
You barely miss the orc warrior.
The orc warrior is lightly wounded.
You hit the centaur skeleton. You hit the iguana.
The centaur skeleton hits you.
You block the centaur skeleton's attack.
The iguana bites you! The orc warrior closely misses you.
The centaur skeleton hits you but does no damage.
You block the centaur skeleton's attack.
You feel better.
The orc warrior hits you with a +0 war axe!
* * * LOW HITPOINT WARNING * * *
You block the iguana's attack. The centaur skeleton hits you.
* * * LOW HITPOINT WARNING * * *
You block the centaur skeleton's attack.
It was a potion of invisibility.
You fade into invisibility!
The orc warrior hits you with a +0 war axe!
You die...

#...######.....#
..###...##.......####
#....................#
#...#########'######.#
.... #.# .## ##.#
##..# ..#+#...#
.......@# #.....Zol#
#......Z..#
+#...[......
#.........###
#........## ........#'
..#+#...#.


You could see an orc warrior, an iguana, a hound zombie and a centaur skeleton.

Vanquished Creatures
  A centaur (D:5)
  A howler monkey (D:5)
  A centaur zombie (D:5)
  Ijyb (D:4)
  An orc wizard (D:4)
  3 gnolls (D:3)
  4 adders
  An ufetubus (D:5)
  3 dart slugs
  5 orcs (D:4)
  6 endoplasms
  A giant cockroach (D:3)
  8 goblins
  9 hobgoblins
  2 quokkas
  6 ball pythons
  5 bats
  4 frilled lizards
  8 kobolds
  6 rats
76 creatures vanquished.

Vanquished Creatures (others)
  A plant (D:2)
1 creature vanquished.

Grand Total: 77 creatures vanquished

Notes
Turn   | Place    | Note
-------+----------+-------------------------------------------
     0 | D:1      | lonewolfV2 the Minotaur Fighter began the quest for the
                  | Orb.
     0 | D:1      | Reached XP level 1. HP: 19/19 MP: 0/0
   116 | D:1      | Reached XP level 2. HP: 5/27 MP: 1/1
   816 | D:2      | Reached XP level 3. HP: 30/33 MP: 2/2
  1041 | D:2      | Found a faded altar of an unknown god.
  1482 | D:2      | Found a shimmering blue altar of Sif Muna.
  1828 | D:2      | Reached XP level 4. HP: 40/40 MP: 3/3
  2032 | D:3      | Found Ebogyip's Armour Emporium.
  2363 | D:3      | Found a shimmering blue altar of Sif Muna.
  2936 | D:4      | Found a radiant altar of Vehumet.
  2998 | D:4      | Noticed Ijyb
  3006 | D:4      | Killed Ijyb
  3007 | D:4      | Reached skill level 5 in Armour
  3007 | D:4      | Reached XP level 5. HP: 46/46 MP: 4/4
  3306 | D:4      | Found a staircase to the Ecumenical Temple.
  3752 | D:5      | Entered Level 5 of the Dungeon
  3753 | D:5      | Noticed a centaur
  3763 | D:5      | Killed a centaur
  3764 | D:5      | Reached skill level 1 in Dodging
  3764 | D:5      | Reached XP level 6. HP: 34/53 MP: 2/5
  3900 | D:5      | Noticed an orc warrior
  3902 | D:5      | Reached skill level 5 in Axes
  3908 | D:5      | Slain by an orc warrior

Illustrated notes

Levels and vault maps discovered:
D:1:      dpeg_arrival_fog, layout_rooms
D:2:      cheibrodos_old_hovel, layout_basic,
          hellmonk_ecumenical_altar_heavens_door, basic_altar, minivault_11
D:3:      layout_basic, nicolae_sif_muna_condensation, serial_shops, shop
D:4:      layout_basic, mainiacjoe_overflow_paths,
          minmay_temple_entry_butterflies, uniq_ijyb
D:5:      layout_layer_cave, grunt_ministairs_6, minmay_pentangle

Skill      XL: |  1  2  3  4  5  6 |
---------------+-------------------+-----
Armour         | 4 5 |  5.3
Shields        | 4 |  4.3
Axes           | 3 4 5 |  5.0
Fighting       | 4 |  4.7
Dodging        | 1 2 |  2.5
Stealth        | |  0.2

Action                   |  1- 3 |  4- 6 || total
-------------------------+-------+-------++-------
Melee: War axe           |    87 |    45 ||   132
       Headbutt          |     8 |     9 ||    17
       Hand axe          |       |    20 ||    20
  Use: Scroll            |     1 |     5 ||     6
       Potion            |       |     2 ||     2
Armor: Scale mail        |    41 |    40 ||    81
Dodge: Dodged            |    38 |    53 ||    91
Block: Buckler           |    19 |    25 ||    44

Table legend: (Time is in decaauts)
 A = Elapsed time spent in this place.
 B = Non-inter-level travel time spent in this place.
 C = Inter-level travel time spent in this place.
 D = Time resting spent in this place.
 E = Time spent auto-exploring this place.
 F = Levels seen in this place.
 G = Mean time per level.
                   A        B        C        D        E       F      G
               +--------+--------+--------+--------+--------+-----+--------+
         Total |   3956 |   3860 |     96 |    197 |   3000 |   5 |  791.2 |
       Dungeon |   3956 |   3860 |     96 |    197 |   3000 |   5 |  791.2 |
               +--------+--------+--------+--------+--------+-----+--------+

Top non-repeatable levels by time:
     D:2: 1261 daAuts
     D:4: 875 daAuts
     D:3: 863 daAuts
     D:1: 798 daAuts
     D:5: 157 daAuts
